 Dungeon Sprint DCSS version 0.21.2 (webtiles) character file.

27416 Fang the Executioner (level 13, -2/97 HPs)
             Began as a Gargoyle Berserker on Sept 27, 2018.
             Was a High Priest of Trog.
             Killed from afar by an orb of fire (78 damage)
             ... with a fireball
             ... in the Dungeon (Sprint VII: "The Pits").
             The game lasted 00:08:41 (3800 turns).

Fang the Executioner (Gargoyle Berserker)           Turns: 3800, Time: 00:08:42

Health: -2/97      AC: 31    Str: 28    XL:     13   Next: 32%
Magic:  13/13      EV: 14    Int: 15    God:    Trog [*****.]
Gold:   22         SH:  0    Dex: 13    Spells: 12/12 levels left

rFire    . . .     SeeInvis .   t - +7 battleaxe of the Vaults {drain, *Corrode rPois Int+4 Dex+4}
rCold    + . .     Gourm    .   (shield currently unavailable)
rNeg     + . .     Faith    .   j - +3 plate armour
rPois    ∞         Spirit   .   (no helmet)
rElec    +         Reflect  .   (no cloak)
rCorr    .         Harm     .   (no gloves)
MR       .....     NoTele   +   (no boots)
Stlth    ..........             (no amulet)
HPRegen  0.26/turn              b - +3 ring of strength
MPRegen  0.13/turn              q - +3 ring of evasion

@: no status effects
A: iridescent scales 1, clever 1, cold resistance 1, negative energy resistance
1, electricity resistance, unbreathing, petrification resistance, rot immunity,
AC +9
a: Berserk, Trog's Hand, Brothers in Arms, Burn Spellbooks, Renounce Religion


You were in the Dungeon.
You worshipped Trog.
Trog was extremely pleased with you.
You were hungry.

You visited 1 branch You collected 22 gold pieces.

Inventory:

Hand Weapons
 n - the +5 battleaxe of Trog's Righteous Anger {flame, *Corrode rN+ MR+}
   (Trog gifted it to you in the Dungeon)

   It has been specially enchanted to burn those struck by it, causing extra
   injury to most foes and up to half again as much damage against particularly
   susceptible opponents.
   Big, fiery blades are also staple armaments of hydra-hunters.
   It protects you from negative energy.
   It affects your resistance to hostile enchantments.
   It may corrode you when you take damage.
 r - a +2 war axe of chopping
 t - the +7 battleaxe of the Vaults (weapon) {drain, *Corrode rPois Int+4 Dex+4}
   (Trog gifted it to you in the Dungeon)

   A truly terrible weapon, it drains the life of those it strikes.
   It affects your intelligence (+4).
   It affects your dexterity (+4).
   It protects you from poison.
   It may corrode you when you take damage.
 u - a +4 antimagic battleaxe
 C - a +3 battleaxe of freezing
Armour
 j - a +3 plate armour (worn)
Jewellery
 b - a +3 ring of strength (left hand)
 q - a +3 ring of evasion (right hand)
 x - an uncursed ring of positive energy
 y - an uncursed ring of protection from fire
 A - an uncursed ring of positive energy
Scrolls
 i - 3 scrolls of blinking
 k - 3 scrolls of remove curse
 l - a scroll of summoning
 m - 6 scrolls of enchant armour
 s - 6 scrolls of enchant weapon
 w - a scroll of fear
 z - a scroll of fog
Potions
 a - 2 potions of invisibility
 d - 8 potions of curing
 e - 16 potions of heal wounds
 f - 3 potions of haste
 g - 4 potions of magic
 h - 3 potions of berserk rage
 o - 3 potions of agility
 p - 2 potions of brilliance
 v - a potion of resistance
Comestibles
 c - 11 rations


   Skills:
 + Level 17.9 Fighting
 + Level 21.3 Axes
 + Level 15.8 Armour
 + Level 5.6 Dodging
 + Level 6.8 Stealth


You had 12 spell levels left.
You didn't know any spells.

Dungeon Overview and Level Annotations

Branches:
Dungeon (1/1)

Altars:
Ashenzari
Cheibriados
Dithmenos
Elyvilon
Fedhas
Gozag
Hepliaklqana
Kikubaaqudgha
Makhleb
Nemelex Xobeh
Okawaru
Qazlal
Ru
Sif Muna
Trog
Uskayaw
Vehumet
Wu Jian
Xom
Yredelemnul
Zin
The Shining One
Beogh
Jiyva
Lugonu


Innate Abilities, Weirdness & Mutations

You are resistant to torment.
Your stone body is resilient. (AC +9)
You are immune to poison.
You resist negative energy. (rN+)
You are resistant to electric shocks. (rElec)
You can survive without breathing.
You are immune to petrification.
You are immune to rotting.
You are partially covered in iridescent scales. (AC +2)
Your mind is acute. (Int +2)
Your flesh is cold resistant. (rC+)


Message History

Unknown command.
There isn't anything to butcher here.
You start resting.
You are feeling hungry.
You start resting.
You feel yourself speed up.
You start resting.
You recover from your berserk rage.
You start resting.
HP restored.
You open the door.
An orb of fire comes into view.
The orb of fire emits a lurid red light.
The bolt of fire hits you!
Okay, then.
You feel much better.
The orb of fire glows yellow.
The fireball explodes!
The fireball engulfs you!
Ouch! That really hurt!
You die...

#+# #*# #'# #@#
#)# #.# #'# #.#
#'# #.# #'#
################'#


You could see an orb of fire.

Vanquished Creatures
  A daeva (D)
  A green draconian (D)
  A merfolk aquamancer (D)
  Erica (D)
  An orc high priest (D)
  A shadow wraith (D)
  A deep troll (D)
  2 phantasmal warriors (D)
  3 deep elf magi (D)
  A molten gargoyle (D)
  A gargoyle (D)
  A spiny frog (D)
  A rime drake (D)
  An efreet (D)
  2 hellwings (D)
  A wandering mushroom (D)
  5 blink frogs (D)
  Grinder (D)
  A bog body (D)
  4 dream sheep (D)
  2 flying skulls (D)
  6 redbacks (D)
  A tarantella (D)
  A spriggan (D)
  3 water elementals (D)
  A wraith (D)
  Eustachio (D)
  A fire elemental (D)
  3 yaks (D)
  A steam dragon (D)
  A warg (D)
  A soldier ant (D)
  2 acid dragons (D)
  A swamp drake (D)
  An orc warrior (D)
  An eye of draining (D)
  A centaur (D)
  A crocodile (D)
  2 crimson imps (D)
  A gnoll shaman (D)
  An iron imp (D)
  A worker ant (D)
  An orc wizard (D)
  An adder (D)
  2 gnolls (D)
  A white imp (D)
  An ooze (D)
  An ufetubus (D)
  An adder skeleton (D)
  A worm (D)
  7 orcs (D)
  A bat zombie (D)
  2 giant cockroaches (D)
  A goblin (D)
  A ball python (D)
  A kobold (D)
  3 rats (D)
90 creatures vanquished.

Vanquished Creatures (collateral kills)
  A pandemonium lord (D)
  A Tzitzimitl (D)
  A hydra (D)
  A sixfirhy (D)
  An orc sorcerer (D)
  A hornet (D)
  A hippogriff (D)
  3 dream sheep (D)
  A hungry ghost (D)
  A porcupine (D)
  2 orc warriors (D)
  A goblin (D)
15 creatures vanquished.

Grand Total: 105 creatures vanquished

Notes
Turn   | Place    | Note
-------+----------+-------------------------------------------
     0 | D        | Fang the Gargoyle Berserker began the quest for the Orb.
     0 | D        | Reached XP level 1. HP: 14/14 MP: 1/1
    16 | D        | Reached skill level 3 in Axes
    20 | D        | Found a bloodstained altar of Trog.
    20 | D        | Found a deep blue altar of Sif Muna.
    20 | D        | Found a viscous altar of Jiyva.
    20 | D        | Found a hazy altar of Hepliaklqana.
    20 | D        | Found an opulent altar of Gozag.
    21 | D        | Found a glowing golden altar of the Shining One.
    21 | D        | Found a glowing silver altar of Zin.
    21 | D        | Found a basalt altar of Yredelemnul.
    21 | D        | Found a shimmering altar of Xom.
    21 | D        | Found an ornate altar of the Wu Jian Council.
    21 | D        | Found a sacrificial altar of Ru.
    21 | D        | Found a stormy altar of Qazlal.
    21 | D        | Found an iron altar of Okawaru.
    21 | D        | Found a sparkling altar of Nemelex Xobeh.
    21 | D        | Found a burning altar of Makhleb.
    21 | D        | Found a blossoming altar of Fedhas.
    21 | D        | Found a white marble altar of Elyvilon.
    21 | D        | Found a shadowy altar of Dithmenos.
    21 | D        | Found a snail-covered altar of Cheibriados.
    23 | D        | Found a radiant altar of Vehumet.
    23 | D        | Found a corrupted altar of Lugonu.
    23 | D        | Found a roughly hewn altar of Beogh.
    65 | D        | Reached ** piety under Trog
    65 | D        | Reached XP level 2. HP: 17/20 MP: 2/2
   122 | D        | Reached skill level 5 in Fighting
   122 | D        | Reached skill level 4 in Axes
   122 | D        | Reached skill level 1 in Stealth
   122 | D        | Reached XP level 3. HP: 2/26 MP: 3/3
   421 | D        | Reached *** piety under Trog
   526 | D        | Reached **** piety under Trog
   528 | D        | Reached skill level 5 in Axes
   528 | D        | Reached XP level 4. HP: 32/32 MP: 4/4
   531 | D        | Reached ***** piety under Trog
   544 | D        | Reached skill level 6 in Axes
   544 | D        | Reached XP level 5. HP: 26/37 MP: 5/5
   643 | D        | Noticed a deep troll
   651 | D        | Killed a deep troll
   651 | D        | Received a gift from Trog
   651 | D        | Reached skill level 10 in Axes
   651 | D        | Reached XP level 6. HP: 12/48 MP: 6/6
   651 | D        | Reached XP level 7. HP: 13/52 MP: 7/7
   832 | D        | Noticed Grinder
   832 | D        | Noticed a deep elf mage
   832 | D        | Noticed a deep elf mage
   839 | D        | Killed a deep elf mage
   839 | D        | Reached skill level 10 in Fighting
   839 | D        | Reached skill level 11 in Axes
   839 | D        | Reached skill level 5 in Stealth
   839 | D        | Reached XP level 8. HP: 58/58 MP: 8/8
   841 | D        | Killed a deep elf mage
   841 | D        | Received a gift from Trog
   841 | D        | Reached skill level 12 in Axes
   847 | D        | Killed Grinder
   847 | D        | Reached XP level 9. HP: 64/64 MP: 9/9
   893 | D        | Noticed an efreet
   903 | D        | Killed an efreet
   903 | D        | Reached ****** piety under Trog
   903 | D        | Reached skill level 13 in Axes
  1137 | D        | Found a hide-covered altar of Uskayaw.
  1137 | D        | Found an ancient bone altar of Kikubaaqudgha.
  1137 | D        | Found a shattered altar of Ashenzari.
  1165 | D        | Received a gift from Trog
  1220 | D        | Got an ancient battleaxe {god gift}
  1221 | D        | Identified the +5 battleaxe of Trog's Righteous Anger {flame, *Corrode rN+ MR+} (Trog gifted it to you in the Dungeon)
  1230 | D        | Noticed a phantasmal warrior
  1232 | D        | Killed a phantasmal warrior
  1232 | D        | Reached skill level 14 in Axes
  1232 | D        | Reached skill level 5 in Dodging
  1234 | D        | Noticed Eustachio
  1239 | D        | Received a gift from Trog
  1239 | D        | Reached XP level 10. HP: 29/72 MP: 10/10
  1245 | D        | Killed Eustachio
  1489 | D        | Noticed a spiny frog
  1489 | D        | Noticed a gargoyle
  1493 | D        | Killed a spiny frog
  1494 | D        | Killed a gargoyle
  1494 | D        | Reached skill level 15 in Axes
  1503 | D        | Reached skill level 10 in Armour
  1567 | D        | Received a gift from Trog
  1681 | D        | Noticed a deep elf mage
  1692 | D        | Killed a deep elf mage
  1692 | D        | Reached skill level 16 in Axes
  1699 | D        | Noticed a sixfirhy
  1704 | D        | Killed a sixfirhy
  1704 | D        | Received a gift from Trog
  1924 | D        | Reached XP level 11. HP: 70/79 MP: 11/11
  1974 | D        | Noticed a green draconian
  1974 | D        | Noticed Erica
  1987 | D        | Killed Erica
  1990 | D        | Received a gift from Trog
  1999 | D        | Killed a green draconian
  1999 | D        | Reached skill level 17 in Axes
  2139 | D        | Noticed an orc high priest
  2139 | D        | Noticed an eight-headed hydra
  2139 | D        | Noticed an orc sorcerer
  2152 | D        | Killed an eight-headed hydra
  2155 | D        | Killed an orc sorcerer
  2155 | D        | Received a gift from Trog
  2158 | D        | Got a crude battleaxe {god gift}
  2159 | D        | Identified the +7 battleaxe of the Vaults {drain, *Corrode rPois Int+4 Dex+4} (Trog gifted it to you in the Dungeon)
  2169 | D        | Received a gift from Trog
  2180 | D        | Reached skill level 18 in Axes
  2189 | D        | Killed an orc high priest
  2189 | D        | Reached skill level 15 in Fighting
  2407 | D        | Gained mutation: Your flesh is cold resistant. (rC+) [potion of mutation]
  2407 | D        | Gained mutation: Your mind is acute. (Int +2) [potion of mutation]
  2407 | D        | Gained mutation: You are partially covered in iridescent scales. (AC +2) [potion of mutation]
  2534 | D        | Killed a shadow wraith
  2534 | D        | Received a gift from Trog
  2748 | D        | Reached XP level 12. HP: 88/88 MP: 2/12
  2768 | D        | Noticed a merfolk aquamancer
  2778 | D        | Received a gift from Trog
  2780 | D        | Killed a merfolk aquamancer
  2829 | D        | Reached skill level 19 in Axes
  2830 | D        | Received a gift from Trog
  3011 | D        | Noticed a Tzitzimitl
  3030 | D        | Killed a Tzitzimitl
  3352 | D        | Noticed Koanoel the pandemonium lord
  3378 | D        | Killed Koanoel the pandemonium lord
  3378 | D        | Reached skill level 21 in Axes
  3378 | D        | Reached skill level 15 in Armour
  3378 | D        | Reached XP level 13. HP: 35/97 MP: 13/13
  3604 | D        | Noticed a daeva
  3627 | D        | Killed a daeva
  3799 | D        | Noticed an orb of fire
  3800 | D        | Killed from afar by an orb of fire

Skill      XL: |  1  2  3  4  5  6  7  8  9 10 11 12 |
---------------+-------------------------------------+-----
Fighting       | 4 5 6 9 10 11 12 13 15 17 | 17.9
Axes           | 3 4 5 6 10 11 12 14 16 18 21 | 21.3
Dodging        | 2 3 4 5 |  5.6
Stealth        | 1 2 4 5 6 |  6.8
Armour         | 3 6 7 9 11 13 15 | 15.8

Action                   |  1- 3 |  4- 6 |  7- 9 | 10-12 | 13-15 || total
-------------------------+-------+-------+-------+-------+-------++-------
Melee: Hand axe          |    33 |    33 |    18 |       |       ||    84
       War axe           |       |       |    11 |       |       ||    11
       Battleaxe         |       |       |     6 |   177 |    22 ||   205
Invok: Berserk           |     2 |     1 |     4 |     7 |     1 ||    15
       Brothers in Arms  |       |       |       |     7 |       ||     7
  Use: Potion            |       |       |       |     2 |     1 ||     3
 Stab: Sleeping          |     3 |       |       |       |       ||     3
  Eat: Chunk             |       |     1 |     5 |    16 |       ||    22
       Ration            |       |       |       |       |     1 ||     1
Armor: Animal skin       |     4 |       |       |       |       ||     4
       Plate armour      |     3 |    22 |    14 |   136 |     5 ||   180
Dodge: Dodged            |    20 |    12 |    16 |   101 |     3 ||   152
